AoeStats
← adolfo_jay

African Clearing

506797165Analyzed
4v4 RM · 17d ago on Sep 15, 2026· 18m 6s· 8 players
Game mode
Random Map
Map size
Large (8 player)
Population
200
Speed
Normal
Resources
Standard
Victory
Conquest
Starting age
Dark Age
Ending age
Imperial Age
RankedLock teamsTeams togetherTeam positionsShared explorationLock speedFull tech treeHidden civsTurbo modeCheats
Victory
Defeat
🇲🇽 Spanish · Mexico
1203
+9
🇲🇽 Persians · Mexico
1190
+9
🇨🇳 Ethiopians · China
1185
+9
🇻🇳 Britons · Vietnam
1098
+13
🇦🇷 Vietnamese · Argentina
1097
-12
🇨🇳 Saracens · China
1052
-11
🇹🇷 Spanish · Türkiye
1008
-9
🇲🇽 Khmer · Mexico
968
-8
Scaslan
10:51 Loom
17:13 Feudal Age
Magomi
5:48 Loom
16:36 Feudal Age
adolfo_jay
5:38 Loom
13:51 Feudal Age
15:08 Double-Bit Axe
XX
3:24 Loom
14:08 Feudal Age
不知天上水
11:05 Loom
16:00 Feudal Age
NeverDied1990
3:58 Loom
15:57 Feudal Age
20:17 Castle Age
mnmoose
11:17 Loom
13:19 Feudal Age
17:50 Castle Age
16:09 Double-Bit Axe
HK | Jai Guru Deva
9:13 Loom
11:15 Feudal Age
11:30 Man-at-Arms
12:17 Double-Bit Axe
Connection lost

Rejoining the realm…

Still unreachable

The connection could not be restored.

Session expired

The server has moved on; the page needs a fresh start.